 Dungeon Crawl Stone Soup version 0.31-a0-971-g75a2e9a4b4 (webtiles) character file.

Game seed: 13018902596037883538

1267 timneilson the Shield-Bearer (level 8, -1/49 HPs)
             Began as a Gargoyle Fighter on Oct 28, 2023.
             Was a Follower of Makhleb.
             Killed by divine providence
             ... invoked by an orc priest
              (11 damage)
             ... on level 5 of the Dungeon.
             The game lasted 00:07:11 (3854 turns).

timneilson the Shield-Bearer (Gargoyle Fighter)     Turns: 3854, Time: 00:07:12

Health: -1/49      AC: 20    Str: 20    XL:     8   Next: 52%
Magic:  8/8        EV:  8    Int:  9    God:    Makhleb [*.....]
Gold:   242        SH:  6    Dex: 11    Spells: 7/7 levels left

rFire   . . .        a - +0 long sword
rCold   . . .        c - +1 buckler
rNeg    + . .        f - +0 chain mail
rPois   ∞            n - +0 helmet
rElec   +            m - +2 cloak
rCorr   .            (no gloves)
SInv    .            (no boots)
Will    .....        (no amulet) Stlth
                     (no ring)
HPRegen 0.28/turn    (no ring)
MPRegen 0.11/turn

%: no passive effects
@: no status effects
A: sickness immunity, AC +5, negative energy resistance 1, electricity
resistance, torment resistance 1, petrification resistance
a: Renounce Religion


You were on level 5 of the Dungeon.
You worshipped Makhleb.
Makhleb was aware of your devotion.
You visited 1 branch of the dungeon, and saw 5 of its levels.

You collected 242 gold pieces.

Inventory:

Hand Weapons
 a - a +0 long sword (weapon)
Armour
 c - a +1 buckler (worn)
 f - a +0 chain mail (worn)
 m - a +2 cloak (worn)
 n - a +0 helmet (worn)
Jewellery
 k - a ring of ice
Wands
 b - a wand of flame (22)
 o - a wand of mindburst (13)
Scrolls
 i - 2 scrolls of teleportation
Potions
 d - 2 potions of might
 e - a potion of curing
 g - a potion of brilliance
 h - 2 potions of berserk rage {unknown}


   Skills:
 + Level 5.0 Fighting
 * Level 4.7 Long Blades
 * Level 6.1 Armour
 + Level 2.3 Dodging
 * Level 6.2 Shields
 + Level 0.4 Invocations
 + Level 2.2 Evocations


You had 7 spell levels left.
You didn't know any spells.
Your spell library contained the following spells:

 Spells                   Type           Power      Damage    Failure   Level
 Blink                    Tloc           0%         N/A       99%         2
 Lesser Beckoning         Tloc           0%         N/A       99%         2
 Momentum Strike          Conj/Tloc      0%         3d8       99%         2
 Volatile Blastmotes      Fire/Tloc      0%         2d10      100%        3
 Brom's Barrelling Bould  Conj/Erth      0%         2d3       100%        4
 Fulminant Prism          Conj/Hex       0%         3d5       100%        4
 Iskenderun's Mystic Bla  Conj/Tloc      0%         2d3       100%        4
 Fireball                 Conj/Fire      0%         3d3       100%        5
 Iskenderun's Battlesphe  Conj           0%         2d6       100%        5
 Conjure Ball Lightning   Conj/Air       0%         3x3d6     100%        6
 Orb of Destruction       Conj           0%         9d5       100%        7


Dungeon Overview and Level Annotations

Branches:
Dungeon (5/15)
 Temple: D:4-7

Altars:
Makhleb
Sif Muna
Xom

Annotations:
D:4 2 runed translucent doors, audacious124's ghost, amateur DsSh


Innate Abilities, Weirdness & Mutations

You are immune to sickness and miasma.
Your stone body is resilient. (AC +5)
You are immune to poison.
You resist negative energy. (rN+)
You are resistant to electric shocks. (rElec)
You are resistant to unholy torment.
You are immune to petrification.


Message History

The orc priest is heavily wounded.
The gnoll hits you with a +0 club. You block the orc's attack.
The orc hits you but does no damage. x2
The orc priest casts a cantrip, but nothing happens.
You hit the orc priest.
The orc priest is almost dead.
You block the gnoll's attack. The orc hits you but does no damage.
The orc barely misses you.
The orc priest hits you but does no damage.
You hit the orc priest but do no damage.
The orc priest is almost dead.
The gnoll barely misses you. The orc closely misses you.
You block the orc's attack. The orc hits you with a +0 club.
The orc priest looks braver for a moment.
You hit the orc priest.
The orc priest is almost dead.
The gnoll barely misses you. The orc hits you but does no damage. x2
You block the orc priest's attack. The orc barely misses you.
You block the gnoll's attack.
Unknown command.
You closely miss the orc priest.
The orc priest is almost dead.
You block the orc's attack. The orc misses you.
The orc priest mumbles some strange prayers to Beogh against you.
Beogh smites you! You block the orc's attack. The gnoll barely misses you.
The orc hits you but does no damage. x2
You closely miss the orc priest.
The orc priest is almost dead.
You block the orc priest's attack. The orc hits you but does no damage.
The gnoll closely misses you. The orc hits you but does no damage. x3
The orc priest calls down the wrath of Beogh upon you.
Beogh smites you!
* * * LOW HITPOINT WARNING * * *
You hit the orc priest.
The orc priest is almost dead.
The gnoll closely misses you. The orc hits you but does no damage. x2
You block the orc's attack.
The orc priest calls down the wrath of Beogh upon you.
Beogh smites you!
You die...

#..##..##..##.....#
##.###..###......###
#.## #..###......#
##.# ##..#.......#
#.## #....##....#
##.### #...####....#
##..###..## ##....#
#......o######......
#......g@o.........#
#.......oo......
#....)..#####...
#.......# .
#.##....# #.####...#
.. #..... #..
#.###.. .# #.


You could see an orc priest, a gnoll and 3 orcs.

Vanquished Creatures
  Pikel (D:4)
  Grinder (D:3)
  A black bear (D:4)
  An ogre (D:5)
  A gnoll sergeant (D:5)
  A hound (D:4)
  An orc priest (D:5)
  An iguana (D:4)
  Natasha (thrice) (D:3)
  Terence (D:3)
  6 gnolls
  6 adders
  3 worms
  4 dart slugs
  8 orcs
  5 ball pythons
  4 bats
  5 endoplasms
  5 giant cockroaches
  10 hobgoblins
  4 jackals
  3 frilled lizards
  5 goblins
  8 kobolds
  7 rats
95 creatures vanquished.

Notes
Turn   | Place    | Note
-------+----------+-------------------------------------------
     0 | D:1      | timneilson the Gargoyle Fighter began the quest for the
                  | Orb.
     0 | D:1      | Reached XP level 1. HP: 14/14 MP: 1/1
   133 | D:1      | Reached XP level 2. HP: 19/19 MP: 2/2
   796 | D:2      | Reached XP level 3. HP: 23/23 MP: 3/3
  1058 | D:2      | Reached XP level 4. HP: 28/28 MP: 4/4
  1745 | D:3      | Found a shimmering altar of Xom.
  1750 | D:3      | Noticed Natasha
  1764 | D:3      | Killed Natasha
  1786 | D:3      | Identified the +0 ring mail of the Imp {rN+ Dex+6}
  1809 | D:3      | Reached XP level 5. HP: 32/32 MP: 5/5
  1832 | D:3      | Found a shimmering blue altar of Sif Muna.
  1853 | D:3      | Noticed Terence
  1874 | D:3      | Killed Terence
  1875 | D:3      | Reached skill level 1 in Dodging
  2022 | D:3      | Noticed Grinder
  2024 | D:3      | Noticed Natasha
  2045 | D:3      | Paralysed by Grinder for 3 turns
  2051 | D:3      | Killed Natasha
  2060 | D:3      | Killed Grinder
  2061 | D:3      | Reached skill level 1 in Evocations
  2061 | D:3      | Reached XP level 6. HP: 21/38 MP: 6/6
  2220 | D:3      | Noticed Natasha
  2228 | D:3      | Killed Natasha
  2257 | D:3      | Found a burning altar of Makhleb.
  2501 | D:3      | Became a worshipper of Makhleb the Destroyer
  2549 | D:4      | Reached skill level 5 in Shields
  2549 | D:4      | Reached XP level 7. HP: 40/43 MP: 7/7
  2615 | D:4      | Reached skill level 5 in Armour
  2915 | D:4      | Found a runed translucent door.
  2916 | D:4      | Noticed audacious124's ghost (amateur DsSh)
  3169 | D:4      | Found a runed translucent door.
  3210 | D:4      | Noticed Pikel
  3229 | D:4      | Killed Pikel
  3230 | D:4      | Reached XP level 8. HP: 19/48 MP: 8/8
  3357 | D:5      | Identified the of Jes Dagg
  3357 | D:5      | Entered Level 5 of the Dungeon
  3636 | D:5      | Reached skill level 5 in Fighting
  3640 | D:5      | Reached * piety under Makhleb
  3854 | D:5      | Killed from afar by an orc priest

Illustrated notes

Levels and vault maps discovered:
D:1:      dpeg_arrival_rhombi, layout_basic
D:2:      layout_basic, serial_curves, eino_curves_03, eino_curves_03,
          eino_curves_03, minmay_misc_feat_square,
          minmay_misc_feat_four_crosses, hangedman_abyss_or_decor_stabs
D:3:      layout_basic, lemuel_doored_altar, mainiacjoe_overflow_catch_the_wave,
          uniq_terence, uniq_natasha, uniq_grinder
D:4:      layout_rooms, ebering_ghost_sewer_f, uniq_pikel
D:5:      layout_layer_cave, minmay_temple_entry_fiery

Skill      XL: |  1  2  3  4  5  6  7  8 |
---------------+-------------------------+-----
Long Blades    | 2 3 4 |  4.7
Shields        | 4 5 6 |  6.2
Armour         | 4 5 6 |  6.1
Dodging        | 1 2 |  2.3
Fighting       | 4 5 |  5.0
Evocations     | 1 2 |  2.2
Invocations    | |  0.4

Action                     |  1- 3 |  4- 6 |  7- 9 || total
---------------------------+-------+-------+-------++-------
  Melee: Long sword        |   129 |   158 |   168 ||   455
    Use: Scroll            |     2 |     2 |     3 ||     7
         Potion            |       |     2 |     2 ||     4
 Armour: Scale mail        |    12 |       |       ||    12
         Chain mail        |    72 |   171 |   168 ||   411
  Dodge: Dodged            |    49 |    69 |    67 ||   185
  Block: Buckler           |    36 |    52 |    92 ||   180

Table legend: (Time is in decaauts)
 A = Elapsed time spent in this place.
 B = Non-inter-level travel time spent in this place.
 C = Inter-level travel time spent in this place.
 D = Time resting spent in this place.
 E = Time spent auto-exploring this place.
 F = Levels seen in this place.
 G = Mean time per level.
                   A        B        C        D        E       F      G
               +--------+--------+--------+--------+--------+-----+--------+
         Total |   3992 |   3845 |    147 |     84 |   2668 |   5 |  798.4 |
       Dungeon |   3992 |   3845 |    147 |     84 |   2668 |   5 |  798.4 |
               +--------+--------+--------+--------+--------+-----+--------+

Top non-repeatable levels by time:
     D:2: 1034 daAuts
     D:4: 931 daAuts
     D:3: 835 daAuts
     D:1: 764 daAuts
     D:5: 426 daAuts
